 Dungeon Crawl Stone Soup version 0.19.0-19-g8c6edcc (webtiles) character file.

979 lorenzova the Covert (level 7, -2/35 HPs)
             Began as a Spriggan Monk on Nov 12, 2016.
             Slain by a wight
             ... wielding a +1 falchion
              (8 damage)
             ... on level 6 of the Dungeon.
             The game lasted 00:12:41 (7665 turns).

lorenzova the Covert (Spriggan Monk)                Turns: 7665, Time: 00:12:42

Health: -2/35      AC:  4    Str: 10    XL:     7   Next: 96%
Magic:  8/8        EV: 24    Int: 12    God:
Gold:   275        SH:  0    Dex: 20    Spells: 0 memorised, 6 levels left

rFire  . . .     SeeInvis +     z - +2 dagger (drain)
rCold  . . .     Gourm    .     q - +2 robe {MR+}
rNeg   . . .     Faith    .     (shield restricted)
rPois  .         Spirit   .     (helmet restricted)
rElec  .         Reflect  .     (no cloak)
rCorr  .         Harm     .     (gloves unavailable)
MR     +++..                    (boots unavailable)
Stlth  ++++......               (no amulet)
                                p - +3 ring of strength
                                k - ring of protection from magic

@: heavily drained, very quick
A: unfitting armour, see invisible, herbivore 3, speed 3, slow metabolism 2
a: no special abilities


You were on level 6 of the Dungeon.
You were not hungry.

You visited 2 branches of the dungeon, and saw 7 of its levels.

You collected 275 gold pieces.

Inventory:

Hand Weapons
 a - a +0 short sword
 z - a +2 dagger of draining (weapon)
Armour
 b - a +0 robe
 q - a +2 robe of magic resistance (worn)
Jewellery
 k - a ring of protection from magic (left hand)
 p - a +3 ring of strength (right hand)
 u - an uncursed ring of flight
Scrolls
 d - 2 scrolls of immolation {unknown}
 f - a scroll of amnesia {unknown}
 h - 3 scrolls of random uselessness {unknown}
 j - 3 scrolls of remove curse {unknown}
 l - 7 scrolls of identify {unknown}
 n - 2 scrolls of magic mapping {unknown}
 y - a scroll of enchant armour {unknown}
 A - a scroll of noise {unknown}
Potions
 e - a potion of might {unknown}
 g - 3 potions of agility {unknown}
 i - 4 potions of lignification {unknown}
 m - 3 potions of brilliance {unknown}
 o - a potion of mutation {unknown}
 r - a potion of heal wounds {unknown}
 s - a potion of resistance {unknown}
 v - a potion of berserk rage {unknown}
 x - a potion of magic {unknown}
Books
 t - a book of Changes

   Spells                             Type                      Level
   a - Beastly Appendage              Transmutation                1
   b - Sticks to Snakes               Transmutation                2
   c - Spider Form                    Transmutation/Poison         3
   d - Ice Form                       Ice/Transmutation            4
   e - Blade Hands                    Transmutation                5
 w - a Fen Folio

   Spells                             Type                      Level
   a - Corpse Rot                     Necromancy                   2
   b - Stone Arrow                    Conjuration/Earth            3
   c - Leda's Liquefaction            Hexes/Earth                  4
   d - Summon Forest                  Summoning/Translocation      5
   e - Hydra Form                     Transmutation                6
   f - Summon Hydra                   Summoning                    7
Comestibles
 c - 2 bread rations
 B - a royal jelly


   Skills:
 - Level 2.4(1.1) Fighting
 + Level 5.4(4.0) Short Blades
 * Level 9.4(7.8) Dodging
 * Level 9.5(7.9) Stealth


You had 6 spell levels left.
You didn't know any spells.

Dungeon Overview and Level Annotations

Branches:
Dungeon (6/15)             Temple (1/1) D:6

Altars:
Cheibriados
Dithmenos
Elyvilon
Fedhas
Hepliaklqana
Makhleb
Nemelex Xobeh
Okawaru
Ru
Trog
Uskayaw
Vehumet
Xom
Yredelemnul
Zin
The Shining One


Innate Abilities, Weirdness & Mutations

You are very small and have problems with some larger weapons.
You are too small for most types of armour.
You have supernaturally acute eyesight. (SInv)
You are a herbivore.
You cover ground extremely quickly.
You need consume almost no food.


Message History

You feel drained.
* * * LOW HITPOINT WARNING * * *
You closely miss the wight.
The wight is heavily damaged.
The wight closely misses you.
You barely miss the wight.
The wight is heavily damaged.
The wight closely misses you. The wight misses you.
You hit the wight.
The wight is severely damaged.
The wight hits you with a trident.
* * * LOW HITPOINT WARNING * * *
You feel drained. The wight closely misses you.
You hit the wight.
The wight is almost destroyed.
The wight hits you but does no damage.
You barely miss the wight.
The wight is almost destroyed.
The wight hits you with an enchanted falchion!
You die...

# #......# #.#.####.#
#.#.####.# #.....##.#
###.#.##.#######
#.#.##.......#
#......#####z#
#.#####.?......(...###
#...z@zzz.......##....
....#####......##>##.###
# #......##...z#
##............#
##.......#####.#
#..............#
###.....z...########
...........?##......
####.(.....###......


You could see 4 wights.

Vanquished Creatures
  A sky beast (D:5)
  An ogre (D:5)
  A centaur (D:5)
  A gnoll sergeant (D:5)
  A bullfrog (D:6)
  A scorpion (D:4)
  A howler monkey (D:5)
  A hound (D:4)
  3 orc priests
  2 bullfrog skeletons
  2 orc wizards (D:5)
  Jessica (D:3)
  A worker ant (D:4)
  A hound skeleton (D:5)
  7 adders
  A gnoll (D:5)
  2 shadow imps (D:5)
  An ooze (D:1)
  An adder zombie (D:5)
  2 adder skeletons (D:4)
  2 worms
  3 dart slugs
  7 leopard geckos
  8 orcs
  6 giant cockroaches
  10 goblins
  8 hobgoblins
  8 jackals
  2 quokkas
  8 bats
  6 frilled lizards
  6 kobolds
  4 rats
110 creatures vanquished.

Notes
Turn   | Place    | Note
-------+----------+-------------------------------------------
     0 | D:1      | lorenzova the Spriggan Monk began the quest for the Orb.
     0 | D:1      | Reached XP level 1. HP: 11/11 MP: 2/2
   125 | D:1      | Reached XP level 2. HP: 16/16 MP: 3/3
   616 | D:2      | Reached XP level 3. HP: 14/19 MP: 4/4
  1083 | D:2      | Reached skill level 5 in Dodging
  1805 | D:2      | Reached skill level 5 in Stealth
  2126 | D:3      | Reached XP level 4. HP: 22/23 MP: 5/5
  2161 | D:3      | Noticed Jessica
  2510 | D:3      | Killed Jessica
  2747 | D:3      | Found a hide-covered altar of Uskayaw.
  3176 | D:3      | Found a sacrificial altar of Ru.
  3193 | D:3      | Reached XP level 5. HP: 23/27 MP: 6/6
  3999 | D:4      | Found a blossoming altar of Fedhas.
  4016 | D:4      | Found a snail-covered altar of Cheibriados.
  4442 | D:4      | Reached XP level 6. HP: 30/32 MP: 7/7
  5519 | D:5      | Entered Level 5 of the Dungeon
  5646 | D:5      | Noticed a sky beast
  5653 | D:5      | Killed a sky beast
  5672 | D:5      | Reached XP level 7. HP: 18/35 MP: 8/8
  6374 | D:5      | Reached skill level 5 in Short Blades
  7543 | D:6      | Found a staircase to the Ecumenical Temple.
  7555 | Temple   | Entered the Ecumenical Temple
  7665 | D:6      | Slain by a wight

Skill      XL: |  1  2  3  4  5  6  7 |
---------------+----------------------+-----
Stealth        | 4 5 6 8 9 |  9.5
Dodging        | 5 6 7 8 9 |  9.4
Short Blades   | 4 5 |  5.4
Fighting       | |  2.4

Action                   |  1- 3 |  4- 6 |  7- 9 || total
-------------------------+-------+-------+-------++-------
Melee: Short sword       |   180 |   273 |    82 ||   535
       Dagger            |       |       |    84 ||    84
 Stab: Sleeping          |    17 |    12 |     5 ||    34
       Distracted        |     2 |     1 |       ||     3
       Paralysed         |       |     1 |       ||     1
  Eat: Fruit             |       |     2 |       ||     2
       Bread ration      |       |       |     1 ||     1
Armor: Robe              |    15 |    17 |    12 ||    44
Dodge: Dodged            |   179 |   192 |   170 ||   541
